 Dungeon Sprint DCSS version 0.31-a0-1074-g0b22e4e0f1 (webtiles) character file.

Game seed: 2627428037916110345

1323 tbh1313 the Basher (level 8, 0/98 HPs)
             Began as an Ogre Berserker on Nov 28, 2023.
             Was a Priest of Trog.
             Slain by a centaur warrior (1 damage)
             ... in the Dungeon (Sprint I: "Red Sonja").
             The game lasted 00:02:43 (591 turns).

tbh1313 the Basher (Ogre Berserker)                  Turns: 591, Time: 00:02:44

Health: 0/98       AC:  3    Str: 24    XL:     8   Next: 59%
Magic:  8/8        EV: 11    Int:  8    God:    Trog [***...]
Gold:   405        SH:  0    Dex:  8    Spells: 7/7 levels left

rFire   . . .        a - +7 club
rCold   . . .        (no shield)
rNeg    . . .        j - +0 animal skin
rPois   .            (helmet restricted)
rElec   .            (no cloak)
rCorr   .            (gloves unavailable)
SInv    .            (boots unavailable)
Will    .....        (no amulet)
Stlth   +            (no ring)
HPRegen 0.36/turn    (no ring)
MPRegen 0.11/turn

%: no teleportation
@: on berserk cooldown, hasted, very quick
A: large, unfitting armour, tough skin 1
a: Renounce Religion, Berserk, Trog's Hand


You were in the Dungeon.
You worshipped Trog.
Trog was most pleased with you.
You visited 1 branch You collected 405 gold pieces.

Inventory:

Hand Weapons
 a - a +7 club (weapon)
 b - a +1 giant spiked club
Armour
 j - a +0 animal skin (worn)
Wands
 i - a wand of roots (7)
Scrolls
 h - a scroll of blinking
Potions
 c - a potion of curing
 f - 2 potions of magic
 g - a potion of berserk rage


   Skills:
 + Level 11.6 Fighting
 - Level 14.0 Maces & Flails
 - Level 7.0 Dodging


You had 7 spell levels left.
You didn't know any spells.
Your spell library was empty.

Dungeon Overview and Level Annotations

Branches:
Dungeon (1/1)

Altars:
Cheibriados
Dithmenos
Elyvilon
Fedhas
Gozag
Hepliaklqana
Kikubaaqudgha
Makhleb
Nemelex Xobeh
Okawaru
Qazlal
Ru
Sif Muna
Trog
Uskayaw
Vehumet
Wu Jian
Xom
Yredelemnul
Zin
The Shining One
Jiyva
Lugonu

Shops:
D [


Innate Abilities, Weirdness & Mutations

You are too large for most types of armour.
You have tough skin. (AC +1)


Message History

The centaur warrior hits you! The centaur warrior kicks you.
You sock the centaur warrior!
The centaur warrior is moderately wounded.
The centaur warrior shoots an arrow.
The arrow barely misses you.
You're still recovering from your berserk rage.
You sock the centaur warrior!
The centaur warrior is heavily wounded.
The centaur warrior barely misses you. The centaur warrior kicks you.
The centaur warrior shoots an arrow.
The arrow hits you!
You hit the centaur warrior but do no damage.
The centaur warrior is heavily wounded.
The centaur warrior closely misses you. The centaur warrior barely misses you.
The centaur warrior hits you! The centaur warrior kicks you.
You feel much better.
The centaur warrior unwields a +0 orcbow.
The centaur warrior hits you. The centaur warrior kicks you.
The centaur warrior hits you! The centaur warrior barely misses you.
The centaur warrior hits you! The centaur warrior barely misses you.
The centaur warrior hits you.
The centaur warrior kicks you but does no damage.
You feel yourself speed up.
You feel yourself speed up. The centaur warrior closely misses you.
The centaur warrior kicks you. The centaur warrior misses you.
The centaur warrior kicks you but does no damage.
The centaur warrior hits you.
* * * LOW HITPOINT WARNING * * *
The centaur warrior closely misses you. The centaur warrior hits you.
* * * LOW HITPOINT WARNING * * *
The centaur warrior kicks you.
* * * LOW HITPOINT WARNING * * *
The centaur warrior hits you!
* * * LOW HITPOINT WARNING * * *
The centaur warrior kicks you.
* * * LOW HITPOINT WARNING * * *
You see here a +0 dagger.
You closely miss the centaur warrior.
The centaur warrior is heavily wounded.
The centaur warrior hits you.
You die...

##########################
#<.#..'..#.)'..#__#..)...#
#..)..#..'..#..+..+.)#...#
#..#####'#####'#__#### ..+
#..####..#...#@####§$# ##
#..#__####..##c#~§~.c#
#..#_____##'#_c'§~§..+
#⌠⌠#_.∩...'..§§#~~~..#
####_..__##_.#'##+####
#_____###+#.# ####### ###


You could see 2 centaur warriors.

Levels and vault maps discovered:
D:        dungeon_sprint_1 [red_sonja_temple_1, red_sonja_temple_small_1]

Notes
Turn   | Place    | Note
-------+----------+-------------------------------------------
     0 | D        | tbh1313 the Ogre Berserker began the quest for the Orb.
     0 | D        | Reached XP level 1. HP: 24/24 MP: 1/1
     1 | D        | Noticed Ijyb
     5 | D        | Killed Ijyb
     6 | D        | Reached skill level 5 in Maces & Flails
     6 | D        | Reached XP level 2. HP: 32/32 MP: 2/2
     6 | D        | Reached XP level 3. HP: 39/39 MP: 3/3
    61 | D        | Noticed an ogre
    69 | D        | Killed an ogre
    70 | D        | Reached skill level 8 in Maces & Flails
    70 | D        | Reached XP level 4. HP: 18/48 MP: 4/4
   191 | D        | Noticed Sigmund
   198 | D        | Killed Sigmund
   198 | D        | Reached ** piety under Trog
   199 | D        | Reached skill level 11 in Maces & Flails
   199 | D        | Reached XP level 5. HP: 52/54 MP: 5/5
   199 | D        | Reached XP level 6. HP: 60/62 MP: 6/6
   270 | D        | Found an ornate altar of the Wu Jian Council.
   270 | D        | Found a shimmering blue altar of Sif Muna.
   272 | D        | Found a radiant altar of Vehumet.
   276 | D        | Reached skill level 12 in Maces & Flails
   347 | D        | Found Vorchikh's Antique Armour Emporium.
   347 | D        | Found an ancient bone altar of Kikubaaqudgha.
   347 | D        | Found a hazy altar of Hepliaklqana.
   347 | D        | Found a stormy altar of Qazlal.
   347 | D        | Found a hide-covered altar of Uskayaw.
   347 | D        | Found a blossoming altar of Fedhas.
   347 | D        | Found a bloodstained altar of Trog.
   347 | D        | Found an iron altar of Okawaru.
   347 | D        | Found a basalt altar of Yredelemnul.
   347 | D        | Found a glowing golden altar of the Shining One.
   347 | D        | Found a snail-covered altar of Cheibriados.
   347 | D        | Found a sacrificial altar of Ru.
   347 | D        | Found a glowing silver altar of Zin.
   347 | D        | Found a shadowy altar of Dithmenos.
   347 | D        | Found a white marble altar of Elyvilon.
   347 | D        | Noticed a yak
   353 | D        | Killed a yak
   354 | D        | Reached skill level 13 in Maces & Flails
   354 | D        | Reached XP level 7. HP: 49/70 MP: 7/7
   354 | D        | Found an opulent altar of Gozag.
   355 | D        | Found a sparkling altar of Nemelex Xobeh.
   478 | D        | Found a burning altar of Makhleb.
   478 | D        | Found a viscous altar of Jiyva.
   478 | D        | Found a shimmering altar of Xom.
   478 | D        | Found a corrupted altar of Lugonu.
   478 | D        | Noticed a slime creature
   486 | D        | Killed a slime creature
   487 | D        | Reached skill level 14 in Maces & Flails
   542 | D        | Noticed a kobold demonologist
   542 | D        | Noticed a glass eye
   542 | D        | Noticed a kobold demonologist
   549 | D        | Killed a glass eye
   555 | D        | Noticed an ice devil
   559 | D        | Killed a kobold demonologist
   559 | D        | Reached *** piety under Trog
   560 | D        | Reached skill level 10 in Fighting
   560 | D        | Reached XP level 8. HP: 93/93 MP: 8/8
   561 | D        | Killed a kobold demonologist
   579 | D        | Noticed a centaur warrior
   579 | D        | Noticed a centaur warrior
   589 | D        | HP: 3/98 [centaur warrior (13)]
   589 | D        | HP: 1/98 [centaur warrior (2)]
   591 | D        | Slain by a centaur warrior

Table legend: (Time is in decaauts)
 A = Elapsed time spent in this place.
 B = Non-inter-level travel time spent in this place.
 C = Inter-level travel time spent in this place.
 D = Time resting spent in this place.
 E = Time spent auto-exploring this place.
 F = Levels seen in this place.
 G = Mean time per level.
                   A        B        C        D        E       F      G
               +--------+--------+--------+--------+--------+-----+--------+
         Total |    649 |    649 |      0 |    484 |      0 |   1 |  649.0 |
       Dungeon |    649 |    649 |      0 |    484 |      0 |   1 |  649.0 |
               +--------+--------+--------+--------+--------+-----+--------+

Top non-repeatable levels by time:
       D: 649 daAuts

Table legend:
 A = Kills in this place as a percentage of kills in the entire game.
 B = Kills by you in this place as a percentage of kills by you in the entire game.
 C = Kills by friends in this place as a percentage of kills by friends in the entire game.
 D = Other kills in this place as a percentage of other kills in the entire game.
 E = Experience gained in this place as a percentage of experience gained in the entire game.
 F = Experience gained in this place divided by the number of levels of this place that you have seen.
                   A       B       C       D       E      F
               +-------+-------+-------+-------+-------+----------------------
         Total | 100.0 | 100.0 |   N/A |   N/A | 100.0 | 1890.0
       Dungeon | 100.0 | 100.0 |   N/A |   N/A | 100.0 | 1890.0
               +-------+-------+-------+-------+-------+----------------------

Action                     |  1- 3 |  4- 6 |  7- 9 || total
---------------------------+-------+-------+-------++-------
  Melee: Mace              |     3 |       |       ||     3
         Club              |     7 |    11 |    31 ||    49
 Invoke: Berserk           |     2 |     2 |     2 ||     6
         Trog's Hand       |       |       |     1 ||     1
    Use: Scroll            |       |     2 |       ||     2
         Potion            |       |       |     2 ||     2
 Armour: Animal skin       |     2 |     8 |    32 ||    42
  Dodge: Dodged            |     1 |     1 |    10 ||    12

Vanquished Creatures
  2 kobold demonologists (D)
  A glass eye (D)
  A slime creature (D)
  Sigmund (D)
  A yak (D)
  An ogre (D)
  A jelly (D)
  Ijyb (D)
9 creatures vanquished.
